Workbook
Name _2018_VolSum: #REF!
Name _2018_ЦС_затраты: #REF!
Name _2019_VolSum: #REF!
Name _2019_ЦС_затраты: #REF!
Name _2020_VolSum: #REF!
Name _2020_ЦС_затраты: #REF!
Name _2021_VolSum: #REF!
Name _2021_ЦС_затраты: #REF!
Name _4.ОБЕСПЕЧЕНИЕ__залог__заклад: #REF!
Name cash: #REF!
Name commonPlat: #REF!
Name CredAnother: #REF!
Name credRBR: #REF!
Name criteria: #REF!
Name curs: #REF!
Name Excel_BuiltIn_Print_Area_1: #REF!
Name Excel_BuiltIn_Print_Area_10: #REF!
Name Excel_BuiltIn_Print_Area_2: #REF!
Name Excel_BuiltIn_Print_Area_3: #REF!
Name Excel_BuiltIn_Print_Area_3_1: #REF!
Name Excel_BuiltIn_Print_Area_3_1_1: #REF!
Name Excel_BuiltIn_Print_Area_3_1_1_1: #REF!
Name Excel_BuiltIn_Print_Area_4: #REF!
Name Excel_BuiltIn_Print_Area_4_1: #REF!
Name Excel_BuiltIn_Print_Area_5: #REF!
Name Excel_BuiltIn_Print_Area_5_1: #REF!
Name Excel_BuiltIn_Print_Area_6: #REF!
Name Excel_BuiltIn_Print_Area_6_1: #REF!
Name Excel_BuiltIn_Print_Area_7: #REF!
Name Excel_BuiltIn_Print_Area_7_1: #REF!
Name Excel_BuiltIn_Print_Area_8: #REF!
Name Excel_BuiltIn_Print_Area_9: #REF!
Name Excel_BuiltIn_Print_Titles: #REF!
Name finsost: #REF!
Name FSS: #REF!
Name ispolz: #REF!
Name k4_1: #REF!
Name k4_10: #REF!
Name k4_11: #REF!
Name k4_2: #REF!
Name k4_3: #REF!
Name k4_4: #REF!
Name k4_5: #REF!
Name k4_6: #REF!
Name k4_7: #REF!
Name k4_8: #REF!
Name k4_9: #REF!
Name kk: #REF!
Name KOD: #REF!
Name Name: #REF!
Name prosr: #REF!
Name pureACT: #REF!
Name qq: #REF!
Name rate: #REF!
Name rentab: #REF!
Name result: #REF!
Name rr: #REF!
Name ssudaRestr: #REF!
Name stopper: #REF!
Name Total_VolSum: #REF!

Sheet Исходные данные
B1: Исходные данные
B3: Наименование | C3: Ед. измерения | D3: Значение | E3: Примечание
B4: Продолжительность проекта | C4: мес | D4: 71 | E4: Информацию согласовал с Заказчиком при последней встрече
B5: Продолжительность активной части СМР | C5: мес | D5: 60 | E5: Информацию согласовал с Заказчиком при последней встрече
B6: Параметр "Доля себестоимости от суммы дохода с продаж" | D6: 0.75
B7: Цена продажная за м2 | C7: руб | D7: 140000 | E7: Информацию согласовал с Заказчиком при последней встрече
B8: СМР за м2 общей площади | C8: руб | D8: 49500 | E8: Информацию согласовал с Заказчиком при последней встрече
B9: Сети, дороги и благоустройство | C9: % от суммы СМР | D9: 0.1 | E9: Информацию согласовал с Заказчиком при последней встрече
B10: Риелторские | C10: % от суммы продаж | D10: 0.03 | E10: Информацию согласовал с Заказчиком при последней встрече
B11: Маркетинг | C11: на лот | D11: 150000 | E11: Информацию согласовал с Заказчиком при последней встрече
B12: ПиР, а именно:
B13: Проектирование | C13: на м2 общей площади | D13: 800 | E13: Информацию согласовал с Заказчиком при последней встрече
B14: Разрешительные | C14: руб | D14: 100000000
B15: Проценты банку + другие платежи банку | C15: % от суммы продаж | D15: 0.05
B16: Налоги | C16: % от суммы продаж | D16: 0.05
B17: Непредвиденные | C17: % от бюджета проекта | D17: 0.03
B18: АХР и прочие | C18: руб в месяц | D18: 1000000 | E18: Информацию согласовал с Заказчиком при последней встрече
B20: Наименование | C20: Ед. измерения | D20: Значение | E20: Примечание
B21: Ставка дисконтирования | C21: % | D21: 0.2

Sheet ТЭП
B1: ТЭП
B3: Наименование | C3: Ед. измерения | D3: Значение | E3: Примечание
B4: Общая площадь всего | C4: м2 | D4: =D5/0.75 -> 133333.33
B5: Полезная площадь всего | C5: м2 | D5: 100000 | E5: Первоначальные данные
B6: Этажность | C6: кол-во | D6: 4 | E6: Первоначальные данные
B7: Коэффициент полезной площади | D7: 0.75
B8: Доля инвестора в % от "Полезная площадь всего" | C8: % | D8: 0.08 | E8: Первоначальные данные
B9: Доля инвестора в м2 | C9: м2 | D9: =D5*D8 -> 8000
B10: Наша доля в м2 полезной площади | C10: м2 | D10: =D5-D9 -> 92000
B11: Средний размер квартиры | C11: м2 | D11: 50 | E11: Согласовано на последнем совещании
B12: Расчётное кол-во наших лотов | C12: лот | D12: =D10/D11 -> 1840 | E12: Ориентиравался на средний размер лота = 50 м2
B14: Концепция | C14: недорогое жильё | E14: Согласовано на последнем совещании

Sheet Результат расчёта

Sheet Вертикаль
A4: Расчёт проекта (Вариант 2)
A6: % от дохода | B6: Наименование | C6: Всего | D6: на м2 полезной площади. | E6: на м2 полезной площади без учёта инвесторских площадей
A8: =C8/$C$8 -> 1 | B8: Доход | C8: ='Исходные данные'!D7*ТЭП!D10 -> 12880000000 | D8: =C8/ТЭП!$D$5 -> 128800 | E8: =C8/ТЭП!$D$10 -> 140000
A9: =C9/$C$8 -> 0.75915114 | B9: Расход, а именно: | C9: =C10+C14+C15+C16+C18+C19+C20+C21+C11+C17 -> 9.7778667e+09 | D9: =D10+D14+D15+D16+D18+D19+D20+D21+D11+D17 -> 97778.667 | E9: =E10+E14+E15+E16+E18+E19+E20+E21+E11+E17 -> 106281.16
A10: =C10/$C$8 -> 0 | B10: Земля | D10: =C10/ТЭП!$D$5 -> 0 | E10: =C10/ТЭП!$D$10 -> 0
A11: =C11/$C$8 -> 0.051428571 | B11: Маркетинг+Риелторские, а именно: | C11: =C12+C13 -> 662400000 | D11: =C11/ТЭП!$D$5 -> 6624 | E11: =C11/ТЭП!$D$10 -> 7200
A12: =C12/$C$8 -> 0.03 | B12: Риелторские | C12: ='Исходные данные'!D10*C8 -> 386400000 | D12: =C12/ТЭП!$D$5 -> 3864 | E12: =C12/ТЭП!$D$10 -> 4200
A13: =C13/$C$8 -> 0.021428571 | B13: Маркетинг | C13: =ТЭП!D12*'Исходные данные'!D11 -> 276000000 | D13: =C13/ТЭП!$D$5 -> 2760 | E13: =C13/ТЭП!$D$10 -> 3000
A14: =C14/$C$8 -> 0.016045549 | B14: ПиР | C14: ='Исходные данные'!D13*ТЭП!D4+'Исходные данные'!D14 -> 2.0666667e+08 | D14: =C14/ТЭП!$D$5 -> 2066.6667 | E14: =C14/ТЭП!$D$10 -> 2246.3768
A15: =C15/$C$8 -> 0 | B15: Подготовительные к СМР | D15: =C15/ТЭП!$D$5 -> 0 | E15: =C15/ТЭП!$D$10 -> 0
A16: =C16/$C$8 -> 0.51242236 | B16: СМР | C16: ='Исходные данные'!D8*ТЭП!D4 -> 6.6e+09 | D16: =C16/ТЭП!$D$5 -> 66000 | E16: =C16/ТЭП!$D$10 -> 71739.13
A17: =C17/$C$8 -> 0.051242236 | B17: Сети, дороги и благоустройство | C17: =C16*'Исходные данные'!D9 -> 6.6e+08 | D17: =C17/ТЭП!$D$5 -> 6600 | E17: =C17/ТЭП!$D$10 -> 7173.913
A18: =C18/$C$8 -> 0.05 | B18: Проценты банку + другие платежи банку | C18: =C8*'Исходные данные'!D15 -> 644000000 | D18: =C18/ТЭП!$D$5 -> 6440 | E18: =C18/ТЭП!$D$10 -> 7000
A19: =C19/$C$8 -> 0.05 | B19: Налоги | C19: =C8*'Исходные данные'!D16 -> 644000000 | D19: =C19/ТЭП!$D$5 -> 6440 | E19: =C19/ТЭП!$D$10 -> 7000
A20: =C20/$C$8 -> 0.0055124224 | B20: АХР и прочие | C20: ='Исходные данные'!D4*'Исходные данные'!D18 -> 71000000 | D20: =C20/ТЭП!$D$5 -> 710 | E20: =C20/ТЭП!$D$10 -> 771.73913
A21: =C21/$C$8 -> 0.0225 | B21: Непредвиденные | C21: =C8*'Исходные данные'!D6*'Исходные данные'!D17 -> 289800000 | D21: =C21/ТЭП!$D$5 -> 2898 | E21: =C21/ТЭП!$D$10 -> 3150
A22: =C22/$C$8 -> 0.24084886 | B22: Прибыль | C22: =C8-C9 -> 3.1021333e+09 | D22: =D8-D9 -> 31021.333 | E22: =E8-E9 -> 33718.841
B23: Рентабельность продаж (прибыль/доход) | C23: =C22/C8 -> 0.24084886 | D23: =D22/D8 -> 0.24084886 | E23: =E22/E8 -> 0.24084886
B24: Рентабельность вложений (прибыль/себестоимость) | C24: =C22/C9 -> 0.31726075 | D24: =D22/D9 -> 0.31726075 | E24: =E22/E9 -> 0.31726075

Sheet Расчёт ставки Банка для кредита
A3: % ставки | B3: значения % ставок
A4: I(i) базовая | B4: 18 | C4: КС ЦБ + 2 п.п.
A5: I(v) специальная | B5: 6
A6: минимальная | B6: 1
B8: F счета эскроу | C8: К ссуда | D8: I % ставка по КД | E8: I % ставка по КД
B9: 0 | C9: 100 | D9: =(B9*$B$5+(C9-B9)*$B$4)/C9 -> 18 | E9: =IF(D9<1,1,D9) -> 18
B10: 5 | C10: 100 | D10: =(B10*$B$5+(C10-B10)*$B$4)/C10 -> 17.4 | E10: =IF(D10<1,1,D10) -> 17.4
B11: 10 | C11: 100 | D11: =(B11*$B$5+(C11-B11)*$B$4)/C11 -> 16.8 | E11: =IF(D11<1,1,D11) -> 16.8
B12: 20 | C12: 100 | D12: =(B12*$B$5+(C12-B12)*$B$4)/C12 -> 15.6 | E12: =IF(D12<1,1,D12) -> 15.6
B13: 30 | C13: 100 | D13: =(B13*$B$5+(C13-B13)*$B$4)/C13 -> 14.4 | E13: =IF(D13<1,1,D13) -> 14.4
B14: 40 | C14: 100 | D14: =(B14*$B$5+(C14-B14)*$B$4)/C14 -> 13.2 | E14: =IF(D14<1,1,D14) -> 13.2
B15: =B14+10 -> 50 | C15: 100 | D15: =(B15*$B$5+(C15-B15)*$B$4)/C15 -> 12 | E15: =IF(D15<1,1,D15) -> 12
B16: =B15+10 -> 60 | C16: 100 | D16: =(B16*$B$5+(C16-B16)*$B$4)/C16 -> 10.8 | E16: =IF(D16<1,1,D16) -> 10.8
B17: 70 | C17: 100 | D17: =(B17*$B$5+(C17-B17)*$B$4)/C17 -> 9.6 | E17: =IF(D17<1,1,D17) -> 9.6
B18: =B17+10 -> 80 | C18: 100 | D18: =(B18*$B$5+(C18-B18)*$B$4)/C18 -> 8.4 | E18: =IF(D18<1,1,D18) -> 8.4
B19: =B18+10 -> 90 | C19: 100 | D19: =(B19*$B$5+(C19-B19)*$B$4)/C19 -> 7.2 | E19: =IF(D19<1,1,D19) -> 7.2
B20: =B19+10 -> 100 | C20: 100 | D20: =(B20*$B$5+(C20-B20)*$B$4)/C20 -> 6 | E20: =IF(D20<1,1,D20) -> 6
B21: =B20+10 -> 110 | C21: 100 | D21: =(B21*$B$5+(C21-B21)*$B$4)/C21 -> 4.8 | E21: =IF(D21<1,1,D21) -> 4.8
B22: =B21+10 -> 120 | C22: 100 | D22: =(B22*$B$5+(C22-B22)*$B$4)/C22 -> 3.6 | E22: =IF(D22<1,1,D22) -> 3.6
B23: =B22+10 -> 130 | C23: 100 | D23: =(B23*$B$5+(C23-B23)*$B$4)/C23 -> 2.4 | E23: =IF(D23<1,1,D23) -> 2.4
B24: =B23+10 -> 140 | C24: 100 | D24: =(B24*$B$5+(C24-B24)*$B$4)/C24 -> 1.2 | E24: =IF(D24<1,1,D24) -> 1.2
B25: =B24+10 -> 150 | C25: 100 | D25: =(B25*$B$5+(C25-B25)*$B$4)/C25 -> 0 | E25: =IF(D25<1,1,D25) -> 1
B26: =B25+10 -> 160 | C26: 100 | D26: =(B26*$B$5+(C26-B26)*$B$4)/C26 -> -1.2 | E26: =IF(D26<1,1,D26) -> 1
B27: =B26+10 -> 170 | C27: 100 | D27: =(B27*$B$5+(C27-B27)*$B$4)/C27 -> -2.4 | E27: =IF(D27<1,1,D27) -> 1
B28: =B27+10 -> 180 | C28: 100 | D28: =(B28*$B$5+(C28-B28)*$B$4)/C28 -> -3.6 | E28: =IF(D28<1,1,D28) -> 1
B29: =B28+10 -> 190 | C29: 100 | D29: =(B29*$B$5+(C29-B29)*$B$4)/C29 -> -4.8 | E29: =IF(D29<1,1,D29) -> 1
B30: =B29+10 -> 200 | C30: 100 | D30: =(B30*$B$5+(C30-B30)*$B$4)/C30 -> -6 | E30: =IF(D30<1,1,D30) -> 1
